| TOP OF THE 1ST |
|
Montgomery Biscuits batting - Pitching for Birmingham Barons : RHP Dan Marino IV
|
|
Pitching: RHP Dan Marino IV
|
|
|
Batting: RHB Wing-kit Bu
|
0-0: Called Strike 0-1: Ball 1-1: Ball 2-1: Called Strike 2-2: Ground out 4-3 (Groundball, 4M, EV 81.9 MPH)
|
|
Batting: LHB Austin Ohmer
|
0-0: Foul Ball, location: 2F 0-1: Ball 1-1: Ball 2-1: Ball 3-1: Base on Balls
|
|
Batting: RHB Steve French
|
0-0: Called Strike 0-1: Swinging Strike 0-2: Ball 1-2: Ground out 4-3 (Groundball, 4MD, EV 106.9 MPH) Austin Ohmer to second
|
|
Batting: LHB David Seminario
|
0-0: Ball 1-0: Ball 2-0: Ball 3-0: Called Strike 3-1: Ground out U3 (Groundball, 3, EV 81.9 MPH)
|
| Top of the 1st over - 0 runs, 0 hits, 0 errors, 1 left on base; Montgomery 0 - Birmingham 0 |
| BOTTOM OF THE 1ST |
|
Birmingham Barons batting - Pitching for Montgomery Biscuits : RHP Cameron Bianchi
|
|
Pitching: RHP Cameron Bianchi
|
|
|
Batting: RHB Justin Walker
|
0-0: Ball 1-0: Called Strike 1-1: Called Strike 1-2: Fly out, F8 (Flyball, 89XD, EV 105.0 MPH)
|
|
Batting: RHB Dieter Knoops
|
0-0: Swinging Strike 0-1: Ball 1-1: Called Strike 1-2: Strikes out looking
|
|
Batting: LHB Nick Ramsdell
|
0-0: Foul Ball, location: 2F 0-1: Ball 1-1: Ball 2-1: Foul Ball, location: 2F 2-2: Ball 3-2: SOLO HOME RUN (Flyball, 89XD, EV 103.8 MPH), Distance : 415 ft
|
|
Batting: LHB Ryan Karg
|
0-0: Foul Ball, location: 2F 0-1: Fly out, F6 (Line Drive, 4, EV 70.0 MPH)
|
| Bottom of the 1st over - 1 run, 1 hit, 0 errors, 0 left on base; Montgomery 0 - Birmingham 1 |
| TOP OF THE 2ND |
|
Montgomery Biscuits batting - Pitching for Birmingham Barons : RHP Dan Marino IV
|
|
Batting: SHB Brett McEwen
|
0-0: Called Strike 0-1: Ground out 5-3 (Groundball, 56, EV 76.9 MPH)
|
|
Batting: LHB Barnabé Metrass
|
0-0: Called Strike 0-1: Ball 1-1: Foul Ball, location: 2F 1-2: SOLO HOME RUN (Flyball, 89XD, EV 105.0 MPH), Distance : 403 ft
|
|
Batting: RHB Cal Winters
|
0-0: Ball 1-0: Swinging Strike 1-1: Swinging Strike 1-2: Ball 2-2: Ground out 4-3 (Groundball, 34, EV 103.8 MPH)
|
|
Batting: RHB Devin Brown
|
0-0: Ball 1-0: Ball 2-0: Swinging Strike 2-1: Foul Ball, location: 2F 2-2: Ball 3-2: Strikes out swinging
|
| Top of the 2nd over - 1 run, 1 hit, 0 errors, 0 left on base; Montgomery 1 - Birmingham 1 |
| BOTTOM OF THE 2ND |
|
Birmingham Barons batting - Pitching for Montgomery Biscuits : RHP Cameron Bianchi
|
|
Batting: RHB Danny Bunn
|
0-0: Called Strike 0-1: Ground out 3-1 (Groundball, 34, EV 88.1 MPH)
|
|
Batting: LHB Ryan Dyal
|
0-0: Called Strike 0-1: Ball 1-1: Swinging Strike 1-2: Ball 2-2: Foul Ball, location: 2F 2-2: Strikes out swinging
|
|
Batting: LHB Kevin Rolison
|
0-0: Called Strike 0-1: Ball 1-1: Foul Ball, location: 2F 1-2: Foul Ball, location: 2F 1-2: Foul Ball, location: 2F 1-2: Ball 2-2: Ground out 4-3 (Groundball, 4, EV 85.0 MPH)
|
| Bottom of the 2nd over - 0 runs, 0 hits, 0 errors, 0 left on base; Montgomery 1 - Birmingham 1 |
| TOP OF THE 3RD |
|
Montgomery Biscuits batting - Pitching for Birmingham Barons : RHP Dan Marino IV
|
|
Batting: RHB Mick Corrigan
|
0-0: Ground out 4-3 (Groundball, 4, EV 84.4 MPH)
|
|
Batting: RHB Wing-kit Bu
|
0-0: Ball 1-0: Fly out, F9 (Flyball, 9S, EV 83.1 MPH)
|
|
Batting: LHB Austin Ohmer
|
0-0: Swinging Strike 0-1: Ball 1-1: Fly out, F6 (Popup, 6M, EV 55.0 MPH)
|
| Top of the 3rd over - 0 runs, 0 hits, 0 errors, 0 left on base; Montgomery 1 - Birmingham 1 |
| BOTTOM OF THE 3RD |
|
Birmingham Barons batting - Pitching for Montgomery Biscuits : RHP Cameron Bianchi
|
|
Batting: RHB Bill Williams
|
0-0: Called Strike 0-1: Swinging Strike 0-2: Ball 1-2: Fly out, F3 (Popup, 34S, EV 68.1 MPH)
|
|
Batting: RHB Sharafat Khanum
|
0-0: Ground out 6-3 (Groundball, 6, EV 80.6 MPH)
|
|
Batting: RHB Justin Walker
|
0-0: Ball 1-0: Foul Ball, location: 2F 1-1: SINGLE (Line Drive, 9S, EV 97.5 MPH)
|
|
Batting: RHB Dieter Knoops
|
0-0: Ball 1-0: Foul Ball, location: 2F 1-1: Foul Ball, location: 2F 1-2: SINGLE (Line Drive, 7S, EV 94.4 MPH) Justin Walker to second
|
|
Batting: LHB Nick Ramsdell
|
0-0: Called Strike 0-1: Fly out, F9 (Flyball, 9S, EV 88.1 MPH)
|
| Bottom of the 3rd over - 0 runs, 2 hits, 0 errors, 2 left on base; Montgomery 1 - Birmingham 1 |
| TOP OF THE 4TH |
|
Montgomery Biscuits batting - Pitching for Birmingham Barons : RHP Dan Marino IV
|
|
Batting: RHB Steve French
|
0-0: Ball 1-0: Ball 2-0: Foul Ball, location: 2F 2-1: Fly out, F9 (Flyball, 9, EV 88.8 MPH)
|
|
Batting: LHB David Seminario
|
0-0: Fly out, F8 (Flyball, 8LM, EV 88.1 MPH)
|
|
Batting: SHB Brett McEwen
|
0-0: Called Strike 0-1: Ball 1-1: Hit by Pitch
|
|
Batting: LHB Barnabé Metrass
|
0-0: Called Strike 0-1: Foul Ball, location: 2F 0-2: Fielders Choice at 2nd, U4 (Groundball, 4M, EV 78.8 MPH)
|
| Top of the 4th over - 0 runs, 0 hits, 0 errors, 1 left on base; Montgomery 1 - Birmingham 1 |
| BOTTOM OF THE 4TH |
|
Birmingham Barons batting - Pitching for Montgomery Biscuits : RHP Cameron Bianchi
|
|
Batting: LHB Ryan Karg
|
0-0: Called Strike 0-1: Ball 1-1: Foul Ball, location: 2F 1-2: Hit by Pitch
|
|
Batting: RHB Danny Bunn
|
0-0: Foul Ball, location: 2F 0-1: Ball 1-1: Called Strike 1-2: Foul Ball, location: 2F 1-2: Foul Ball, location: 2F 1-2: Fly out, F9 (Flyball, 9LS, EV 90.6 MPH)
|
|
Batting: LHB Ryan Dyal
|
0-0: Hit by Pitch Ryan Karg to second
|
|
Batting: LHB Kevin Rolison
|
0-0: Ball 1-0: Ball 2-0: Ball 3-0: Called Strike 3-1: Foul Ball, location: 2F 3-2: Foul Ball, location: 2F 3-2: SINGLE (Groundball, 3, EV 97.5 MPH) Ryan Karg to third Ryan Dyal to second Runner from 3rd tries for Home, SAFE, throw by RF to home
|
|
Batting: RHB Bill Williams
|
0-0: Called Strike 0-1: Ball 1-1: Ball 2-1: Foul Ball, location: 2F 2-2: Fielders Choice at 2nd, 1-4 (Groundball, P, EV 70.6 MPH) Ryan Dyal to third
|
|
Batting: RHB Sharafat Khanum
|
0-0: Called Strike 0-1: SINGLE (Line Drive, 8RS, EV 101.2 MPH) Ryan Dyal scores Bill Williams to second
|
|
Batting: RHB Justin Walker
|
0-0: Ball 1-0: Swinging Strike 1-1: Ball 2-1: Called Strike 2-2: Foul Ball, location: 2F 2-2: Ball 3-2: Strikes out swinging
|
| Bottom of the 4th over - 2 runs, 2 hits, 0 errors, 2 left on base; Montgomery 1 - Birmingham 3 |
| TOP OF THE 5TH |
|
Montgomery Biscuits batting - Pitching for Birmingham Barons : RHP Dan Marino IV
|
|
Batting: RHB Cal Winters
|
0-0: Called Strike 0-1: Fly out, F7 (Line Drive, 78M, EV 93.8 MPH)
|
|
Batting: RHB Devin Brown
|
0-0: Fly out, F7 (Flyball, 7D, EV 96.9 MPH)
|
|
Batting: RHB Mick Corrigan
|
0-0: Called Strike 0-1: Ball 1-1: Called Strike 1-2: Foul Ball, location: 2F 1-2: Ball 2-2: SINGLE (Groundball, 34D, EV 99.4 MPH)
|
|
Batting: RHB Wing-kit Bu
|
0-0: Called Strike 0-1: Ground out 4-3 (Groundball, 34, EV 90.6 MPH)
|
| Top of the 5th over - 0 runs, 1 hit, 0 errors, 1 left on base; Montgomery 1 - Birmingham 3 |
| BOTTOM OF THE 5TH |
|
Birmingham Barons batting - Pitching for Montgomery Biscuits : RHP Cameron Bianchi
|
|
Batting: RHB Dieter Knoops
|
0-0: Called Strike 0-1: Ball 1-1: Called Strike 1-2: Ball 2-2: Ground out 1-3 (Groundball, 13, EV 63.1 MPH)
|
|
Batting: LHB Nick Ramsdell
|
0-0: Called Strike 0-1: Fly out, F9 (Flyball, 9S, EV 87.5 MPH)
|
|
Batting: LHB Ryan Karg
|
0-0: Ball 1-0: Ball 2-0: Called Strike 2-1: Ball 3-1: Fly out, F8 (Line Drive, 8LD, EV 95.6 MPH)
|
| Bottom of the 5th over - 0 runs, 0 hits, 0 errors, 0 left on base; Montgomery 1 - Birmingham 3 |
| TOP OF THE 6TH |
|
Montgomery Biscuits batting - Pitching for Birmingham Barons : RHP Dan Marino IV
|
|
Batting: LHB Austin Ohmer
|
0-0: Called Strike 0-1: Swinging Strike 0-2: Strikes out swinging
|
|
Batting: RHB Steve French
|
0-0: Ball 1-0: Swinging Strike 1-1: Ball 2-1: Foul Ball, location: 2F 2-2: Ball 3-2: Foul Ball, location: 2F 3-2: SOLO HOME RUN (Flyball, 7D, EV 96.2 MPH), Distance : 386 ft
|
|
Batting: LHB David Seminario
|
0-0: Called Strike 0-1: Foul Ball, location: 2F 0-2: SINGLE (Groundball, 34D, EV 97.5 MPH)
|
|
Batting: SHB Brett McEwen
|
0-0: Called Strike 0-1: Swinging Strike 0-2: SINGLE (Groundball, 4MD, EV 108.8 MPH) David Seminario to second
|
|
Batting: LHB Barnabé Metrass
|
0-0: Ball 1-0: Called Strike 1-1: Foul Ball, location: 2F 1-2: Strikes out swinging
|
|
Batting: RHB Cal Winters
|
0-0: Called Strike 0-1: Foul Ball, location: 2F 0-2: Fly out, F9 (Flyball, 9S, EV 85.6 MPH)
|
| Top of the 6th over - 1 run, 3 hits, 0 errors, 2 left on base; Montgomery 2 - Birmingham 3 |
| BOTTOM OF THE 6TH |
|
Birmingham Barons batting - Pitching for Montgomery Biscuits : RHP Cameron Bianchi
|
|
Batting: RHB Danny Bunn
|
0-0: Ball 1-0: Ball 2-0: Ground out 6-3 (Groundball, 6, EV 89.4 MPH)
|
|
Batting: LHB Ryan Dyal
|
0-0: Swinging Strike 0-1: Ground out U3 (Groundball, 3, EV 83.1 MPH)
|
|
Batting: LHB Kevin Rolison
|
0-0: Ball 1-0: Ball 2-0: Ball 3-0: Called Strike 3-1: Foul Ball, location: 2F 3-2: Strikes out swinging, 2-3 out at first.
|
| Bottom of the 6th over - 0 runs, 0 hits, 0 errors, 0 left on base; Montgomery 2 - Birmingham 3 |
| TOP OF THE 7TH |
|
Montgomery Biscuits batting - Pitching for Birmingham Barons : RHP Dan Marino IV
|
|
Batting: RHB Devin Brown
|
0-0: Foul Ball, location: 2F 0-1: Foul Ball, location: 2F 0-2: Ground out 6-3 (Groundball, 6, EV 80.6 MPH)
|
|
Batting: RHB Mick Corrigan
|
0-0: Called Strike 0-1: Hit by Pitch
|
|
Pinch Runner at 1st Alfredo Moreno:
|
|
|
Batting: RHB Wing-kit Bu
|
0-0: Called Strike 0-1: Ball 1-1: Ball 2-1: Swinging Strike 2-2: Ground out 4-3 (Groundball, 34, EV 103.1 MPH) Alfredo Moreno to second
|
|
Pitching: LHP Craig Poor
|
|
|
Batting: LHB Austin Ohmer
|
0-0: Foul Ball, location: 2F 0-1: Ball 1-1: Foul Ball, location: 2F 1-2: Foul Ball, location: 2F 1-2: Ground out 4-3 (Groundball, 4, EV 110.6 MPH)
|
| Top of the 7th over - 0 runs, 0 hits, 0 errors, 1 left on base; Montgomery 2 - Birmingham 3 |
| BOTTOM OF THE 7TH |
|
Birmingham Barons batting - Pitching for Montgomery Biscuits : RHP Cameron Bianchi
|
|
Now at C: Willie Koviak
|
|
|
Batting: RHB Bill Williams
|
0-0: Foul Ball, location: 2F 0-1: Ground out 5-3 (Groundball, 5, EV 91.2 MPH)
|
|
Batting: RHB Sharafat Khanum
|
0-0: Ball 1-0: Called Strike 1-1: Ground out 6-3 (Groundball, 6S, EV 68.8 MPH)
|
|
Batting: RHB Justin Walker
|
0-0: Ball 1-0: Ball 2-0: SINGLE (Groundball, 56D, EV 108.1 MPH)
|
|
Pitching: RHP Jesse Rosa
|
|
|
Batting: RHB Dieter Knoops
|
0-0: Called Strike 0-1: Ball 1-1: Swinging Strike 1-2: Ball 2-2: Ball 3-2: Base on Balls Justin Walker to second
|
|
Batting: LHB Nick Ramsdell
|
0-0: Called Strike 0-1: Swinging Strike 0-2: Foul Ball, location: 2F 0-2: Ball 1-2: Fly out, F6 (Line Drive, 6, EV 65.6 MPH)
|
| Bottom of the 7th over - 0 runs, 1 hit, 0 errors, 2 left on base; Montgomery 2 - Birmingham 3 |
| TOP OF THE 8TH |
|
Montgomery Biscuits batting - Pitching for Birmingham Barons : LHP Craig Poor
|
|
Pitching: RHP Ryan Columbo
|
|
|
Now at 2B: Sharafat Khanum
|
|
|
Now at 3B: Justin Thacker
|
|
|
Batting: RHB Steve French
|
0-0: Ball 1-0: Ball 2-0: Foul Ball, location: 2F 2-1: Fly out, F8 (Line Drive, 8LD, EV 91.9 MPH)
|
|
Batting: LHB David Seminario
|
0-0: Called Strike 0-1: Foul Ball, location: 2F 0-2: Ball 1-2: Strikes out swinging
|
|
Batting: SHB Brett McEwen
|
0-0: Called Strike 0-1: Ball 1-1: Foul Ball, location: 2F 1-2: Foul Ball, location: 2F 1-2: Ball 2-2: Ground out 6-3 (Groundball, 6, EV 84.4 MPH)
|
| Top of the 8th over - 0 runs, 0 hits, 0 errors, 0 left on base; Montgomery 2 - Birmingham 3 |
| BOTTOM OF THE 8TH |
|
Birmingham Barons batting - Pitching for Montgomery Biscuits : RHP Jesse Rosa
|
|
Batting: LHB Ryan Karg
|
0-0: Foul Ball, location: 2F 0-1: Ball 1-1: Called Strike 1-2: Strikes out swinging
|
|
Batting: RHB Danny Bunn
|
0-0: Ball 1-0: DOUBLE (Line Drive, 7LM, EV 101.9 MPH)
|
|
Batting: RHB Justin Thacker
|
0-0: Fly out, F7 (Flyball, 7LM, EV 81.9 MPH) Runner from 2nd tags up, SAFE at 3rd with throw by LF
|
|
Batting: LHB Kevin Rolison
|
0-0: Called Strike 0-1: SINGLE (Groundball, 6MD, EV 106.2 MPH) Danny Bunn scores
|
|
Batting: RHB Bill Williams
|
0-0: Ball 1-0: Ball 2-0: Ground out U3 (Groundball, 3, EV 104.4 MPH)
|
| Bottom of the 8th over - 1 run, 2 hits, 0 errors, 1 left on base; Montgomery 2 - Birmingham 4 |
| TOP OF THE 9TH |
|
Montgomery Biscuits batting - Pitching for Birmingham Barons : RHP Ryan Columbo
|
|
Pitching: LHP Rhett Beers
|
|
|
Now at 1B: Sharafat Khanum
|
|
|
Now at 2B: Tony Reyna
|
|
|
Batting: LHB Barnabé Metrass
|
0-0: Swinging Strike 0-1: Swinging Strike 0-2: Hit by Pitch
|
|
Batting: RHB Cal Winters
|
0-0: Called Strike 0-1: Ball 1-1: Ball 2-1: Ball 3-1: Foul Ball, location: 2F 3-2: Grounds into double play, 1-6-3 (Groundball, 13S, EV 71.2 MPH)
|
|
Batting: RHB Devin Brown
|
0-0: Fly out, F8 (Flyball, 8RS, EV 88.1 MPH)
|
| Top of the 9th over - 0 runs, 0 hits, 0 errors, 0 left on base; Montgomery 2 - Birmingham 4 |
|